Map: 汇龙岛 - 天梯版

Players

科大坑王潘治蒙

  • Race: Terran Terran
  • League: Master
  • Spawn Location: 11:00

夜刀神十香 - Winner!

  • Race: Protoss Protoss
  • League: Grandmaster
  • Spawn Location: 5:00

VOD

Have the link to the VOD?

Description

Has's proxy gate and battery-tempest.
Has is my hero!!!!!!!

Time

  • Played on: Jan. 19, 2018, 10:11 p.m.
  • Length: 8:28
Show
View Real Time Build Order
Export as new Build Order

科大坑王潘治蒙 Terran 

Build Orders: Cyclone Opening, Reaper Expand 

Get SALT Encoding   

  12  0:02  SCV  
  13  0:14  SCV  
  13  0:18  Supply Depot  
  14  0:26  SCV  
  15  0:29  Refinery  
  15  0:40  SCV  
  16  0:45  Barracks  
  16  0:52  SCV  
  17  1:04  SCV  
  18  1:16  SCV  
  19  1:33  Orbital Command, Reaper  
  20  1:45  Command Center  
  20  1:55  Factory  
  20  1:59  SCV  
  21  2:06  Refinery  
  21  2:08  Barracks Reactor  
  21  2:11  SCV  
  22  2:18  Supply Depot  
  22  2:23  SCV  
  22  2:29  Bunker  
  22  2:39  Barracks  
  22  2:40  Cyclone  
  25  2:45  Marine  
  25  2:46  Marine  
  25  2:49  SCV  
  25  2:50  Engineering Bay  
  30  3:12  Cyclone  
  30  3:14  Supply Depot  
  28  3:35  Bunker  
  28  3:36  SCV  
  28  3:38  Supply Depot  
  29  3:43  Starport  
  29  3:44  Marine  
  30  3:49  Barracks Tech Lab  
  30  4:02  SCV  
  33  4:03  Missile Turret  
  33  4:08  Marine  
  35  4:17  Siege Tank  
  35  4:18  Marine  
  36  4:26  Supply Depot, Marine  
  37  4:43  Marine  
  37  4:47  Marine  
  38  4:57  Bunker  
  38  5:00  Missile Turret  
  38  5:02  SCV  
  38  5:06  Bunker  
  39  5:25  Supply Depot  
  39  5:35  Barracks Reactor  
  39  5:47  SCV, Viking  
  42  5:59  SCV  
  42  6:01  Siege Tank  
  42  6:04  Missile Turret  
  45  6:08  Barracks Reactor  
  45  6:11  SCV  
  44  6:31  SCV  
  43  6:37  Viking x2  
  47  6:44  Command Center  
  45  7:07  Viking  
  47  7:16  Supply Depot  
  47  7:18  Supply Depot  
  47  7:26  Viking  
  44  7:32  Marine x2  
  41  7:37  Viking  
  41  7:43  Siege Tank  
  42  7:53  SCV  
  42  7:57  Orbital Command  
  44  8:13  SCV  
Show
View Real Time Build Order
Export as new Build Order

夜刀神十香 Protoss - Winner!

Build Orders:  

Get SALT Encoding   

  12  0:00  Probe  
  13  0:13  Probe  
  14  0:17  Pylon  
  14  0:25  Probe  
  15  0:37  Probe  
  15  0:38  Gateway  
  16  0:46  Assimilator  
  16  0:49  Probe  
  17  0:55  Pylon  
  17  1:01  Probe  
  18  1:13  Gateway, Probe  
  19  1:25  Probe  
  20  1:27  Cybernetics Core  
  20  1:34  Zealot  
  20  1:37  Probe  
  23  1:43  Assimilator  
  23  1:50  Probe  
  24  2:02  Stalker (Chrono Boost), Probe  
  24  2:05  Stalker (Chrono Boost)  
  29  2:09  Warp Gate  
  29  2:23  Stalker  
  31  2:34  Pylon  
  31  3:00  Stargate  
  31  3:16  Shield Battery, Pylon  
  31  3:17  Shield Battery  
  35  3:41  Void Ray (Chrono Boost)  
  35  3:49  Shield Battery  
  35  3:50  Shield Battery  
  35  3:51  Fleet Beacon  
  35  4:01  Shield Battery  
  35  4:02  Shield Battery  
  35  4:15  Stalker  
  35  4:16  Stalker  
  35  4:42  Tempest (Chrono Boost)  
  41  4:51  Shield Battery  
  41  5:00  Pylon  
  41  5:13  Shield Battery  
  41  5:16  Pylon  
  41  5:20  Tempest (Chrono Boost)  
  47  5:52  Nexus  
  47  6:13  Tempest (Chrono Boost)  
  49  6:38  Probe  
  50  6:47  Tempest (Chrono Boost)  
  56  7:02  Assimilator  
  56  7:03  Probe  
  56  7:04  Probe  
  56  7:06  Assimilator  
  58  7:17  Tempest (Chrono Boost)  
  58  7:40  Probe x2  
  58  7:50  Shield Battery x2  
  58  7:58  Probe  
  65  8:09  Probe  
Tags
 
Add a new tag
Caveats
  • Supply blocks, unpowered buildings, or Contaminate may cause inaccurate times.
  • Supply counts are checked every 10 seconds.